 Dungeon Crawl Stone Soup version 0.31.0-12-g77e489cdc1 (webtiles) character file.

Game seed: 5266668455768269681

91 Curundu the Chopper (level 4, -1/41 HPs)
             Began as a Minotaur Berserker on Feb 19, 2024.
             Was a Believer of Trog.
             Killed from afar by Ijyb (18 damage)
             ... with a bolt of dispelling energy
             ... on level 3 of the Dungeon.
             The game lasted 00:05:38 (1448 turns).

Curundu the Chopper (Minotaur Berserker)            Turns: 1448, Time: 00:05:38

Health: -1/41      AC:  7    Str: 24    XL:     4   Next: 34%
Magic:  3/3        EV: 10    Int:  4    God:    Trog [**....]
Gold:   81         SH:  0    Dex:  9    Spells: 3/3 levels left

rFire   . . .        a - +0 hand axe
rCold   . . .        (no shield)
rNeg    . . .        c - +0 scale mail
rPois   .            (helmet restricted)
rElec   .            (no cloak)
rCorr   .            (no gloves)
SInv    .            b - +0 pair of boots
Will    ++...        (no amulet) Stlth
                     (no ring)
HPRegen 1.26/turn    (no ring)
MPRegen 0.08/turn

%: no passive effects
@: strong-willed (expiring), regenerating (expiring)
A: horns 2, retaliatory headbutt
a: Renounce Religion, Berserk, Trog's Hand


You were on level 3 of the Dungeon.
You worshipped Trog.
Trog was pleased with you.
You visited 1 branch of the dungeon, and saw 3 of its levels.

You collected 81 gold pieces.

Inventory:

Hand Weapons
 a - a +0 hand axe (weapon)
Missiles
 l - a throwing net (quivered)
Armour
 b - a +0 pair of boots (worn)
 c - a +0 scale mail (worn)
Jewellery
 f - a ring of poison resistance
 k - a ring of resist corrosion
Scrolls
 e - a scroll of revelation {unknown}
 g - 7 scrolls of identify {unknown}
 h - a scroll of blinking {unknown}
 m - a scroll of immolation {unknown}
 n - a scroll of enchant weapon {unknown}
Potions
 d - 3 potions of degeneration {unknown}
 i - 2 potions of heal wounds {unknown}
 j - a potion of mutation {unknown}
 o - a potion of attraction {unknown}


   Skills:
 + Level 4.4 Fighting
 + Level 4.7 Axes
 + Level 3.1 Armour
 + Level 3.1 Dodging


You had 3 spell levels left.
You didn't know any spells.
Your spell library was empty.

Dungeon Overview and Level Annotations

Branches:
Dungeon (3/15)

Altars:

Shops:
D:1 (?

Annotations:
D:3 Ijyb


Innate Abilities, Weirdness & Mutations

You have a pair of horns on your head.
You reflexively headbutt those who attack you in melee.


Message History

The endoplasm quivers.
The endoplasm barely misses you. You furiously retaliate!
You headbutt the endoplasm!
You kill the endoplasm!
Trog accepts your kill.
You see here a +3 mace.
There is a stone staircase leading up here.
There is a stone staircase leading up here.
There is an escape hatch in the ceiling here.
You see here a +0 helmet.
There is a faded altar of an unknown god here.
A goblin comes into view. It is wielding a +0 club.
The goblin shouts!
You hit the goblin.
You kill the goblin!
Trog accepts your kill.
Found a scroll labelled BIOQACL TAHO and a grey potion.
You see here a +0 club.
g - 7 scrolls labelled JEKLUVV PUPH (gained 1)
n - a scroll labelled BIOQACL TAHO
o - a grey potion Done exploring.
There is a stone staircase leading down here.
You climb downwards.
Ijyb shouts!
The ball python hisses angrily.
Found 9 stones.
There is a stone staircase leading up here.
Your skin crawls.
You feel strong-willed.
Ijyb zaps a wand.
The bolt of dispelling energy hits you!
Found a bubbling golden potion.
The ball python falls through a shaft!
The shaft crumbles and collapses.
Ijyb zaps a wand.
The bolt of dispelling energy hits you!
You feel the effects of Trog's Hand fading.
Ijyb zaps a wand.
The bolt of dispelling energy hits you!
You hit Ijyb.
Ijyb is lightly wounded.
Ijyb zaps a wand.
The bolt of dispelling energy hits you!!
You die...

. # .. #.#
..### .!#
.....#####.####
#...<......#
##.........#
#.........#
##........#
#.@g......
...............
...............
#####(........#
##.##.##### #.#
.# #.# ## #.


You could see Ijyb.

Vanquished Creatures
  A gnoll (D:1)
  3 adders (D:2)
  2 dart slugs
  2 ball pythons
  7 endoplasms
  A giant cockroach (D:2)
  7 goblins
  5 hobgoblins
  8 kobolds
  2 quokkas (D:2)
  4 bats
  4 frilled lizards
  4 rats
50 creatures vanquished.

Notes
Turn   | Place    | Note
-------+----------+-------------------------------------------
     0 | D:1      | Curundu the Minotaur Berserker began the quest for the Orb.
     0 | D:1      | Reached XP level 1. HP: 19/19 MP: 0/0
   104 | D:1      | Reached XP level 2. HP: 25/27 MP: 1/1
   254 | D:1      | Found Nira's Antique Weapon Emporium.
   356 | D:1      | Reached XP level 3. HP: 31/33 MP: 2/2
   476 | D:1      | Found Gurchyjaq's Magic Scroll Boutique.
   771 | D:2      | Reached ** piety under Trog
   824 | D:2      | Found a faded altar of an unknown god.
   940 | D:2      | Reached XP level 4. HP: 40/41 MP: 3/3
  1441 | D:3      | Noticed Ijyb
  1448 | D:3      | Killed from afar by Ijyb

Illustrated notes

Levels and vault maps discovered:
D:1:      denvon_arrival_planthouse, layout_rooms, serial_shops, shop,
          nicolae_shop_advertising_works [nicolae_subvault_shop_adworks]
D:2:      kb_forest_paths, layout_rooms, ebering_ecumenical_altar_hall
D:3:      layout_rooms, mainiacjoe_overflow_24_doors, serial_curves,
          eino_curves_04, eino_curves_01, serial_bayou_lake_a, uniq_ijyb

Skill      XL: |  1  2  3  4 |
---------------+-------------+-----
Axes           | 4 |  4.7
Fighting       | 4 |  4.4
Armour         | 3 |  3.1
Dodging        | 3 |  3.1

Action                     |  1- 3 |  4- 6 || total
---------------------------+-------+-------++-------
  Melee: Hand axe          |    71 |    15 ||    86
         Headbutt          |     9 |     2 ||    11
         Punch             |     2 |       ||     2
 Invoke: Trog's Hand       |       |     1 ||     1
 Armour: Animal skin       |     7 |       ||     7
         Scale mail        |    46 |    15 ||    61
  Dodge: Dodged            |    40 |     8 ||    48
